 Dungeon Crawl Stone Soup version 0.26-a0-778-g3fe0686644 (webtiles) character file.

Game seed: 7981561029280066503

330 rikardo the Conjurer (level 6, -4/41 HPs)
             Began as a Demonspawn Conjurer on Nov 9, 2020.
             Slain by an iguana (8 damage)
             ... on level 5 of the Dungeon.
             The game lasted 00:04:33 (3911 turns).

rikardo the Conjurer (Demonspawn Conjurer)          Turns: 3911, Time: 00:04:34

Health: -4/41      AC:  4    Str:  8    XL:     6   Next: 26%
Magic:  10/10      EV: 12    Int: 21    God:
Gold:   207        SH:  0    Dex: 11    Spells: 8/11 levels left

rFire    . . .     SeeInvis .   j - +2 whip (elec)
rCold    . . .     Faith    .   (no shield)
rNeg     . . .     Spirit   .   a - +0 robe
rPois    .         Reflect  .   (no helmet)
rElec    .         Harm     .   (no cloak)
rCorr    .         Rampage  .   (no gloves)
MR       .....                  (no boots)
Stlth    ++........             (no amulet)
HPRegen  0.13/turn              (no ring)
MPRegen  0.12/turn              (no ring)

@: no status effects
A: talons 2, iridescent scales 1, spiny 1
a: no special abilities


You were on level 5 of the Dungeon.
You visited 1 branch of the dungeon, and saw 5 of its levels.

You collected 207 gold pieces.

Inventory:

Hand Weapons
 d - a +0 mace
 j - a +2 whip of electrocution (weapon)
Missiles
 b - 25 arrows
 h - 23 bolts
Armour
 a - a +0 robe (worn)
Jewellery
 g - an uncursed ring of fire
Scrolls
 f - a scroll of fear {unknown}
 k - a scroll of remove curse
 l - a scroll of immolation {unknown}
 m - 2 scrolls of blinking {unknown}
 n - a scroll of teleportation
Potions
 c - a potion of cancellation {unknown}
 e - a potion of degeneration {unknown}
 i - a potion of curing {unknown}


   Skills:
 - Level 1.7 Dodging
 - Level 1.7 Stealth
 * Level 3.2 Spellcasting
 * Level 7.0 Conjurations


You had 8 spell levels left.
You knew the following spells:

 Your Spells              Type           Power        Failure   Level
a - Magic Dart            Conj           ####         1%          1
s - Searing Ray           Conj           ####..       1%          2

Your spell library contained the following spells:

 Spells                   Type           Power        Failure   Level
 Dazzling Flash           Conj/Hex       ###...       9%          3
 Fulminant Prism          Conj/Hex       ###.......   30%         4
 Iskenderun's Mystic Bla  Conj/Tloc      ###.....     30%         4


Dungeon Overview and Level Annotations

Branches:
Dungeon (5/15)
 Temple: D:4-7

Altars:


Innate Abilities, Weirdness & Mutations

You have razor-sharp toenails.
You are partially covered in iridescent scales. (AC +2)
You are partially covered in sharp spines.


Message History

The iguana closely misses you.
The hound skeleton is struck by your spines.
The hound skeleton bites you but does no damage.
The orc is struck by your spines. The orc barely misses you.
The shadow imp is struck by your spines.
The shadow imp hits you.
* * * LOW HITPOINT WARNING * * *
Unknown command.
Unknown command.
You hit the shadow imp.
You kill the shadow imp!
The hound skeleton is struck by your spines.
The hound skeleton bites you but does no damage.
The iguana closely misses you. The orc misses you.
Unknown command.
Unknown command.
You hit the iguana but do no damage.
The iguana is moderately wounded.
The hound skeleton barely misses you. The iguana bites you!
You die...

..### ....(..#
.##...##......##
...............#
.#.##.....?.....
...$............
...............
..[....<.......
...##.Zl.......
##@........
#.o...##...
............
...........$..
................
.....$..........
#..........###..
............


You could see an iguana, an orc and a hound skeleton.

Vanquished Creatures
  The ghost of miscthings the Chopper, a weakling PaDe (D:3)
  A howler monkey (D:3)
  A centaur skeleton (D:2)
  6 gnolls
  5 adders
  A hound simulacrum (D:3)
  A shadow imp (D:5)
  A worker ant simulacrum (D:3)
  An ooze (D:1)
  A worm (D:2)
  4 dart slugs
  An adder simulacrum (D:3)
  A leopard gecko (D:3)
  3 ball pythons
  9 bats
  2 giant cockroaches
  7 goblins
  6 hobgoblins
  12 jackals
  2 quokkas
  3 frilled lizards
  4 kobolds
  2 quokka simulacra (D:3)
  6 rats
81 creatures vanquished.

Notes
Turn   | Place    | Note
-------+----------+-------------------------------------------
     0 | D:1      | rikardo the Demonspawn Conjurer began the quest for the
                  | Orb.
     0 | D:1      | Reached XP level 1. HP: 13/13 MP: 3/3
   649 | D:1      | Gained mutation: You have sharp toenails. [demonic
                  | ancestry]
   649 | D:1      | Reached XP level 2. HP: 19/19 MP: 0/5
  1145 | D:1      | Learned a level 2 spell: Searing Ray
  1354 | D:1      | You fall into a shaft and drop 1 floor!
  1358 | D:2      | Gained mutation: You are partially covered in iridescent
                  | scales. (AC +2) [demonic ancestry]
  1358 | D:2      | Reached XP level 3. HP: 21/24 MP: 0/6
  1382 | D:1      | Reached skill level 5 in Conjurations
  2522 | D:2      | Gained mutation: You are partially covered in sharp spines.
                  | [demonic ancestry]
  2522 | D:2      | Reached XP level 4. HP: 23/30 MP: 2/7
  2816 | D:3      | Reached skill level 6 in Conjurations
  2816 | D:3      | Gained mutation: You have razor-sharp toenails. [demonic
                  | ancestry]
  2816 | D:3      | Reached XP level 5. HP: 31/35 MP: 7/9
  3188 | D:3      | Found a runed translucent gate.
  3196 | D:3      | Found a runed translucent gate.
  3197 | D:3      | Found a runed translucent gate.
  3255 | D:3      | Noticed miscthings's ghost (weakling PaDe)
  3266 | D:3      | Killed miscthings's ghost
  3266 | D:3      | Reached XP level 6. HP: 18/41 MP: 0/10
  3890 | D:4      | Reached skill level 7 in Conjurations
  3902 | D:5      | Entered Level 5 of the Dungeon
  3911 | D:5      | Slain by an iguana

Illustrated notes

Levels and vault maps discovered:
D:1:      sevenhm_arrival_forest_fort_large_2, layout_basic, minmay_heptomino_w4
D:2:      layout_basic, tso_metal_star, uniq_terence
D:3:      layout_loops_corners, serial_aquarium, aquarium_bridge_square
          [aquarium_subvault_bridge, aquarium_subvault_balcony,
          aquarium_subvault_window, aquarium_subvault_bridge],
          aquarium_window_fake, aquarium_window_corner, aquarium_view_2a,
          gammafunk_ghost_icy
D:4:      layout_loops_corners, minmay_temple_entry_stoned_glass
D:5:      layout_cave_pools, serial_shops, shop

Skill      XL: |  1  2  3  4  5  6 |
---------------+-------------------+-----
Conjurations   | 5 6 7 |  7.0
Spellcasting   | 3 |  3.2
Dodging        | |  1.7
Stealth        | |  1.7

Action                   |  1- 3 |  4- 6 || total
-------------------------+-------+-------++-------
Melee: Unarmed           |    10 |       ||    10
       Mace              |    22 |       ||    22
       Kick              |     8 |     8 ||    16
       Whip              |    48 |    60 ||   108
 Cast: Magic Dart        |    23 |       ||    23
       Searing Ray       |     8 |     6 ||    14
  Use: Scroll            |     4 |       ||     4
 Stab: Sleeping          |     1 |     1 ||     2
Armor: Robe              |    37 |    21 ||    58
Dodge: Dodged            |    80 |    41 ||   121

Table legend: (Time is in decaauts)
 A = Elapsed time spent in this place.
 B = Non-inter-level travel time spent in this place.
 C = Inter-level travel time spent in this place.
 D = Time resting spent in this place.
 E = Time spent auto-exploring this place.
 F = Levels seen in this place.
 G = Mean time per level.
                   A        B        C        D        E       F      G
               +--------+--------+--------+--------+--------+-----+--------+
         Total |   3929 |   3798 |    131 |   1190 |   2109 |   5 |  785.8 |
       Dungeon |   3929 |   3798 |    131 |   1190 |   2109 |   5 |  785.8 |
               +--------+--------+--------+--------+--------+-----+--------+

Top non-repeatable levels by time:
     D:1: 2225 daAuts
     D:3: 1085 daAuts
     D:2: 551 daAuts
     D:4: 56 daAuts
     D:5: 9 daAuts
